 Dungeon Crawl Stone Soup version 0.25-a0-189-gf71692caf1 (webtiles) character file.

Game seed: 5770467124230415522, levelgen mode: classic

1973 EnegeticOcto the Cudgeler (level 9, -2/71 HPs)
             Began as a Mummy Berserker on Nov 29, 2019.
             Was a Priest of Trog.
             Killed by divine providence
             ... invoked by an orc priest
              (12 damage)
             ... on level 7 of the Dungeon.
             The game lasted 00:07:27 (7437 turns).

EnegeticOcto the Cudgeler (Mummy Berserker)         Turns: 7437, Time: 00:07:27

Health: -2/71      AC: 14    Str: 22    XL:     9   Next: 0%
Magic:  3/3        EV:  9    Int:  6    God:    Trog [***...]
Gold:   342        SH:  0    Dex: 13    Spells: 8/8 levels left

rFire    x . .     SeeInvis .   s - +1 flail (antimagic)
rCold    + . .     Gourm    .   (no shield)
rNeg     + + +     Faith    .   t - +0 chain mail
rPois    ∞         Spirit   .   b - +0 helmet
rElec    .         Reflect  .   a - +0 cloak
rCorr    .         Harm     .   (no gloves)
MR       +++..                  o - +2 pair of boots
Stlth    ..........             (no amulet)
HPRegen  1.21/turn              (no ring)
MPRegen  0.08/turn              (no ring)

@: regenerating
A: no food or potions, fire vulnerability, cold resistance 1, negative energy
resistance 3, torment resistance, unbreathing
a: Trog's Hand, Renounce Religion


You were on level 7 of the Dungeon.
You worshipped Trog.
Trog was most pleased with you.
You were not hungry.

You visited 1 branch of the dungeon, and saw 7 of its levels.

You collected 342 gold pieces.

Inventory:

Hand Weapons
 r - a +0 morningstar
 s - a +1 antimagic flail (weapon)
 u - a +0 hand crossbow
Missiles
 i - 101 bolts
 p - 16 poisoned darts (quivered)
Armour
 a - a +0 cloak (worn)
 b - a +0 helmet (worn)
 j - a +1 ring mail
 o - a +2 pair of boots (worn)
 t - a +0 chain mail (worn)
Wands
 q - a wand of acid (6)
Scrolls
 c - a scroll of immolation
 d - a scroll of fog {unknown}
 g - a scroll of magic mapping {@r5 !r}
 h - 4 scrolls of teleportation {@r3 !r}
 k - 3 scrolls of remove curse {@r2}
 l - 4 scrolls of enchant armour
 n - a scroll of fear {!r}
 v - a scroll of silence {unknown}


   Skills:
 + Level 6.9 Fighting
 * Level 7.9 Maces & Flails
 + Level 1.7 Crossbows
 + Level 2.5 Armour
 + Level 2.5 Dodging


You had 8 spell levels left.
You didn't know any spells.
Your spell library was empty.

Dungeon Overview and Level Annotations

Branches:
Dungeon (7/15)             Temple (0/1) D:5

Altars:
Elyvilon
Gozag


Innate Abilities, Weirdness & Mutations

You do not eat or drink.
Your flesh is vulnerable to fire.
You are immune to poison.
Your flesh is cold resistant. (rC+)
You are immune to negative energy. (rN+++)
You are immune to unholy pain and torment.
You can survive without breathing.


Message History

The hippogriff bites you.
The hippogriff pecks you but does no damage.
The hippogriff claws you but does no damage.
You completely miss the hippogriff.
The hippogriff is severely wounded.
The hippogriff bites you but does no damage.
The hippogriff completely misses you.
The hippogriff claws you but does no damage.
You closely miss the hippogriff.
The hippogriff is severely wounded.
You feel the effects of Trog's Hand fading.
The hippogriff barely misses you.
The hippogriff pecks you but does no damage.
The hippogriff misses you.
You hit the hippogriff.
The hippogriff is severely wounded.
The hippogriff bites you. The hippogriff pecks you.
The hippogriff claws you but does no damage.
You hit the hippogriff.
The hippogriff is almost dead.
The hippogriff bites you but does no damage.
The hippogriff pecks you but does no damage.
The hippogriff claws you but does no damage.
You barely miss the hippogriff.
The hippogriff is almost dead.
The hippogriff bites you.
The hippogriff pecks you but does no damage.
The hippogriff claws you but does no damage.
You are too injured to fight recklessly!
You are too injured to fight recklessly!
You are too injured to fight recklessly!
You are too injured to fight recklessly!
You are too injured to fight recklessly!
You are too injured to fight recklessly!
You are too injured to fight recklessly!
You are too injured to fight recklessly!
You are too injured to fight recklessly!
You are too injured to fight recklessly!
You are too injured to fight recklessly!
Your chain mail prevents you from hitting the hippogriff.
The hippogriff is almost dead.
The hippogriff bites you but does no damage.
The hippogriff barely misses you. x2
You barely miss the hippogriff.
The hippogriff is almost dead.
Your skin stops crawling.
You feel less resistant to hostile enchantments.
The hippogriff barely misses you. x2; The hippogriff closely misses you.
You hit the hippogriff but do no damage.
The hippogriff is almost dead.
The crimson imp summons a swarm of flies.
The hippogriff bites you but does no damage.
The hippogriff pecks you but does no damage.
The hippogriff claws you.
You hit the hippogriff.
The hippogriff is almost dead.
The hippogriff bites you but does no damage.
The hippogriff pecks you.
The hippogriff claws you but does no damage.
You sock the hippogriff!
You kill the hippogriff!
Trog accepts your kill.
You sock the crimson imp!
The crimson imp's magic leaks into the air.
The crimson imp is severely wounded.
You closely miss the crimson imp.
The crimson imp is severely wounded.
The crimson imp barely misses you.
You hit the crimson imp.
The crimson imp's magic leaks into the air.
The crimson imp is almost dead.
The crimson imp hits you but does no damage.
Your chain mail prevents you from hitting the crimson imp.
The crimson imp is almost dead.
The crimson imp hits you.
You hit the crimson imp.
The crimson imp's magic leaks into the air.
The crimson imp is almost dead.
The crimson imp falters for a moment.
You thump the crimson imp!
You kill the crimson imp!
Trog accepts your kill.
You have reached level 9!
Your experience leads to an increase in your attributes!
Increase (S)trength, (I)ntelligence, or (D)exterity?
You feel stronger.
The orc priest invokes the aid of Beogh against you.
Beogh smites you!
The orc priest calls down the wrath of Beogh upon you.
Beogh smites you!
* * * LOW HITPOINT WARNING * * *
Your skin crawls.
You feel resistant to hostile enchantments.
The jelly hits you but does no damage.
The orc priest mumbles some strange prayers to Beogh against you.
Beogh smites you!
* * * LOW HITPOINT WARNING * * *
The orc priest invokes the aid of Beogh against you.
Beogh smites you!
You die...

#..........# #.#
#.......##.###'####
#.......##.##.....#
+.......##.##.....###.
#.......##.#.......... #
########.##.#..........
#.#........##.#......##.#
#.#.#########.#.#.......#
#....o5..J@...#.#†#########
#######.###########.#.#.#
#.... ................
#.#...# #.###
#######..####...
#.###.###.... ##.5......
#..........##
#.............!.....>.#.
#..........###......#.#.
......... #......#.#.
.#...##... #......#.#.


You could see a jelly, an orc priest and a shadow imp.

Vanquished Creatures
  A hippogriff (D:7)
  A sky beast (D:5)
  A phantom (D:3)
  2 ogres
  2 centaurs (D:5)
  A bullfrog (D:7)
  A scorpion (D:7)
  3 wights (D:5)
  3 howler monkeys
  5 crimson imps
  A jelly (D:5)
  9 orc wizards
  2 orc priests
  2 hounds (D:6)
  2 iguanas
  A centaur skeleton (D:5)
  2 worker ants
  A hound skeleton (D:6)
  2 worker ant zombies
  8 adders
  3 shadow imps
  2 oozes
  An adder skeleton (D:6)
  2 worms
  5 leopard geckos
  14 orcs
  A ball python (D:3)
  5 giant cockroaches
  3 goblins
  8 hobgoblins
  11 jackals
  9 kobolds
  5 quokkas
  6 bats
  6 frilled lizards
  A jackal skeleton (D:4)
  A leopard gecko skeleton (D:4)
  9 rats
142 creatures vanquished.

Notes
Turn   | Place    | Note
-------+----------+-------------------------------------------
     0 | D:1      | EnegeticOcto the Mummy Berserker began the quest for the
                  | Orb.
     0 | D:1      | Reached XP level 1. HP: 18/18 MP: 1/1
   346 | D:1      | Reached XP level 2. HP: 22/24 MP: 2/2
   612 | D:1      | Reached skill level 3 in Maces & Flails
  1078 | D:2      | Reached XP level 3. HP: 21/29 MP: 3/3
  1359 | D:2      | Reached ** piety under Trog
  1481 | D:2      | Reached XP level 4. HP: 28/37 MP: 4/4
  1732 | D:2      | Found an opulent altar of Gozag.
  2606 | D:3      | Noticed an ice beast
  3004 | D:3      | Reached skill level 4 in Maces & Flails
  3330 | D:4      | Reached XP level 5. HP: 31/42 MP: 5/5
  3407 | D:4      | Noticed a phantom
  3509 | D:3      | Killed a phantom
  3509 | D:3      | Reached XP level 6. HP: 32/49 MP: 6/6
  3697 | D:4      | Reached skill level 5 in Maces & Flails
  3915 | D:4      | Found a white marble altar of Elyvilon.
  4202 | D:5      | Entered Level 5 of the Dungeon
  4393 | D:5      | Reached skill level 5 in Fighting
  4460 | D:5      | Reached XP level 7. HP: 54/56 MP: 7/7
  4543 | D:5      | Reached skill level 6 in Maces & Flails
  4615 | D:5      | Reached *** piety under Trog
  5331 | D:5      | Reached XP level 8. HP: 57/64 MP: 2/8
  5594 | D:5      | Reached skill level 7 in Maces & Flails
  5836 | D:5      | Found a faded altar of an unknown god.
  5838 | D:5      | Found a staircase to the Ecumenical Temple.
  7167 | D:7      | Reached skill level 1 in Crossbows
  7394 | D:7      | Noticed a hippogriff
  7424 | D:7      | Killed a hippogriff
  7430 | D:7      | Reached XP level 9. HP: 37/71 MP: 3/9
  7437 | D:7      | Killed from afar by an orc priest

Levels and vault maps discovered:
D:1:      mushboom_english_gardens, layout_basic, amethyst_killhole
D:2:      layout_basic, nicolae_gozag_cash_rules_everything_around_me
D:3:      layout_loops_ring
D:4:      layout_rooms, elyvilon_altar_1, minivault_27, st_stairs_10
D:5:      minmay_chambers_of_fours, layout_loops_ring,
          nicolae_temple_entry_ecumenical, first_ration,
          minmay_misc_feat_columns
D:6:      layout_basic, chequers_serial_rivers_small_3,
          chequers_serial_rivers_room_b
D:7:      layout_basic, kennysheep_little_box, tso_altar,
          grunt_temple_overflow_diamond

Skill      XL: |  1  2  3  4  5  6  7  8 |
---------------+-------------------------+-----
Maces & Flails | 3 4 5 6 7 |  7.9
Fighting       | 4 5 6 |  6.9
Armour         | 2 |  2.5
Crossbows      | 1 |  1.7
Dodging        | 2 |  2.5

Action                   |  1- 3 |  4- 6 |  7- 9 || total
-------------------------+-------+-------+-------++-------
Melee: Whip              |   173 |   161 |       ||   334
       Mace              |     2 |    58 |       ||    60
       Morningstar       |       |    30 |    66 ||    96
       Flail             |       |       |   255 ||   255
Throw: Stone             |       |       |     3 ||     3
Invok: Trog's Hand       |       |     2 |     3 ||     5
  Use: Scroll            |       |     5 |     2 ||     7
Armor: Animal skin       |     6 |       |       ||     6
       Ring mail         |    80 |    84 |    70 ||   234
       Chain mail        |       |       |   126 ||   126
Dodge: Dodged            |   159 |   128 |   136 ||   423

Table legend:
 A = Non-vault XP
 B = Vault XP
 C = Vault XP percentage of total XP
 D = Non-vault monster count
 E = Vault monster count
 F = Vault count percentage of total count
                 A         B        C        D         E       F
            +---------+---------+-------+---------+---------+-------
      Total |    2518 |     301 |  10.7 |     136 |       6 |   4.2
            +---------+---------+-------+---------+---------+-------
        D:1 |      31 |       0 |   0.0 |      19 |       0 |   0.0
        D:2 |     112 |       0 |   0.0 |      29 |       0 |   0.0
        D:3 |      74 |     124 |  62.6 |      15 |       1 |   6.2
        D:4 |     267 |       2 |   0.7 |      13 |       1 |   7.1
        D:5 |     833 |     175 |  17.4 |      25 |       4 |  13.8
        D:6 |     515 |       0 |   0.0 |      26 |       0 |   0.0
        D:7 |     686 |       0 |   0.0 |       9 |       0 |   0.0
            +---------+---------+-------+---------+---------+-------
